 Dungeon Crawl Stone Soup version 0.21-a0-536-gdbbf329 (webtiles) character file.

86 teukkam the Poker (level 4, -22/41 HPs)
             Began as a Gnoll Wanderer on Dec 14, 2017.
             Annihilated by an ogre
             ... wielding a +0 giant club
              (29 damage)
             ... on level 4 of the Dungeon.
             The game lasted 00:11:08 (2162 turns).

teukkam the Poker (Gnoll Wanderer)                  Turns: 2162, Time: 00:11:08

Health: -22/41     AC:  7    Str: 14 (15) XL:     4   Next: 49%
Magic:  6/6        EV: 12    Int:  9 (12) God:
Gold:   65         SH:  4    Dex: 14 (17) Spells: 5/5 levels left

rFire    . . .     SeeInvis .   d - +0 spear
rCold    . . .     Gourm    .   e - +0 buckler
rNeg     . . .     Faith    .   a - +0 leather armour
rPois    .         Spirit   .   (no helmet)
rElec    .         Reflect  .   k - +2 cloak
rCorr    .         Harm     .   q - +0 pair of gloves
MR       .....                  (no boots)
Stlth    ++........             (no amulet)
HPRegen  0.13/turn              (no ring)
MPRegen  0.10/turn              (no ring)

@: no status effects
A: distributed training, fangs 1, strong nose
a: no special abilities


You were on level 4 of the Dungeon.
You were not hungry.

You visited 1 branch of the dungeon, and saw 4 of its levels.

You collected 65 gold pieces.

Inventory:

Hand Weapons
 d - a +0 spear (weapon)
Missiles
 b - 3 throwing nets (quivered)
Armour
 a - a +0 leather armour (worn)
 e - a +0 buckler (worn)
 k - a +2 cloak (worn)
 q - a +0 pair of gloves (worn)
Wands
 g - a wand of enslavement (11)
 l - a wand of random effects (16)
Scrolls
 r - a scroll of immolation
Comestibles
 c - a royal jelly
 i - 2 meat rations
 n - a bread ration


   Skills:
 + Level 6.6 Fighting
 + Level 1.1 Short Blades
 + Level 1.1 Long Blades
 + Level 1.1 Axes
 + Level 1.1 Maces & Flails
 + Level 6.6 Polearms
 + Level 1.1 Staves
 + Level 1.1 Slings
 + Level 1.1 Bows
 + Level 1.1 Crossbows
 + Level 2.7 Throwing
 + Level 1.1 Armour
 + Level 2.7 Dodging
 + Level 2.5 Stealth
 + Level 1.1 Shields
 + Level 1.1 Unarmed Combat
 + Level 1.1 Spellcasting
 + Level 0.9 Conjurations
 + Level 0.9 Hexes
 + Level 0.9 Charms
 + Level 0.9 Summonings
 + Level 0.9 Necromancy
 + Level 0.9 Translocations
 + Level 0.9 Transmutations
 + Level 0.9 Fire Magic
 + Level 0.9 Ice Magic
 + Level 0.9 Air Magic
 + Level 0.9 Earth Magic
 + Level 0.9 Poison Magic
 + Level 1.2 Invocations
 + Level 2.7 Evocations


You had 5 spell levels left.
You didn't know any spells.

Dungeon Overview and Level Annotations

Branches:
Dungeon (4/15)
 Temple: D:4-7

Altars:
Cheibriados
Kikubaaqudgha
Nemelex Xobeh
Sif Muna

Annotations:
D:2 Sigmund
D:4 Edmund


Innate Abilities, Weirdness & Mutations

Your experience applies equally to all skills.
You have very sharp teeth.
Your uncanny sense of smell can sniff out nearby items.


Message History

The ogre is moderately wounded.
The ogre hits you with a giant club!!
Ouch! That really hurt!
* * * LOW HITPOINT WARNING * * *
You hit the ogre but do no damage.
The ogre is moderately wounded.
You hit the ogre.
The ogre is moderately wounded.
The ogre barely misses you.
You hit the ogre but do no damage.
The ogre is moderately wounded.
The ogre closely misses you.
You puncture the ogre!
The ogre is heavily wounded.
Edmund says, "A flail is better than a scythe, any day of the week!"
You hit the ogre but do no damage.
The ogre is heavily wounded.
The ogre hits you with a giant club!!
Ouch! That really hurt!
You die...

. .#. ..# #.#
########.##
#@OZ@.....##
####.......####
#..........####
#.$...........#
#..........##..
#..........####
#..........#
#..........#
###........#


You could see Edmund, an ogre and an adder skeleton.

Vanquished Creatures
  Terence (D:2)
  2 adders
  A worm (D:3)
  A dart slug (D:2)
  A leopard gecko (D:2)
  4 bats
  2 giant cockroaches
  4 goblins
  4 hobgoblins
  3 jackals (D:1)
  3 quokkas
  6 frilled lizards
  5 kobolds
  3 rats
40 creatures vanquished.

Notes
Turn   | Place    | Note
-------+----------+-------------------------------------------
     0 | D:1      | teukkam the Gnoll Wanderer began the quest for the Orb.
     0 | D:1      | teukkam set off with: a +0 leather armour, 3 throwing nets, a scroll of teleportation, a +0 spear, a bread ration
     0 | D:1      | Reached XP level 1. HP: 23/23 MP: 2/2
   161 | D:1      | Reached XP level 2. HP: 27/29 MP: 3/3
   344 | D:2      | Reached XP level 3. HP: 14/35 MP: 4/4
   838 | D:2      | Reached skill level 1 in Invocations
   962 | D:2      | Noticed Terence
   988 | D:2      | Killed Terence
   988 | D:2      | Reached skill level 1 in Short Blades
   988 | D:2      | Reached skill level 1 in Long Blades
   988 | D:2      | Reached skill level 1 in Axes
   988 | D:2      | Reached skill level 1 in Maces & Flails
   988 | D:2      | Reached skill level 1 in Staves
   988 | D:2      | Reached skill level 1 in Slings
   988 | D:2      | Reached skill level 1 in Bows
   988 | D:2      | Reached skill level 1 in Crossbows
   988 | D:2      | Reached skill level 1 in Armour
   988 | D:2      | Reached skill level 1 in Shields
   988 | D:2      | Reached skill level 1 in Unarmed Combat
   988 | D:2      | Reached skill level 1 in Spellcasting
   988 | D:2      | Reached XP level 4. HP: 27/41 MP: 4/6
  1000 | D:2      | Noticed Sigmund
  1395 | D:3      | Found a sparkling altar of Nemelex Xobeh.
  1605 | D:3      | Found a snail-covered altar of Cheibriados.
  1608 | D:3      | Found a deep blue altar of Sif Muna.
  1682 | D:3      | Found an ancient bone altar of Kikubaaqudgha.
  1734 | D:4      | Noticed Edmund
  2122 | D:4      | Noticed an ogre
  2162 | D:4      | Annihilated by an ogre

Vault maps used:
D:1:      elethiomel_arrival_infinity_welcomes_careful_drivers
D:2:      uniq_sigmund, uniq_terence
D:3:      amethyst_overflow_temple_binary, lemuel_coloured_pillars_altar,
          nemelex_xobeh_ov_fountains_minmay, lemuel_doored_altar, first_bread
D:4:      lemuel_zombie_altar_yredelemnul, uniq_ijyb, uniq_edmund

Skill      XL: |  1  2  3 |
---------------+----------+-----
Invocations    | 1 |  1.2
Short Blades   | 1 |  1.1
Long Blades    | 1 |  1.1
Axes           | 1 |  1.1
Maces & Flails | 1 |  1.1
Staves         | 1 |  1.1
Slings         | 1 |  1.1
Bows           | 1 |  1.1
Crossbows      | 1 |  1.1
Armour         | 1 |  1.1
Shields        | 1 |  1.1
Unarmed Combat | 1 |  1.1
Spellcasting   | 1 |  1.1
Fighting       | |  6.6
Polearms       | |  6.6
Throwing       | |  2.7
Dodging        | |  2.7
Stealth        | |  2.5
Conjurations   | |  0.9
Hexes          | |  0.9
Charms         | |  0.9
Summonings     | |  0.9
Necromancy     | |  0.9
Translocations | |  0.9
Transmutations | |  0.9
Fire Magic     | |  0.9
Ice Magic      | |  0.9
Air Magic      | |  0.9
Earth Magic    | |  0.9
Poison Magic   | |  0.9
Evocations     | |  2.7

Action                   |  1- 3 |  4- 6 || total
-------------------------+-------+-------++-------
Melee: Spear             |   125 |    79 ||   204
       Bite              |     7 |     7 ||    14
  Use: Potion            |     1 |     4 ||     5
       Scroll            |       |     5 ||     5
 Stab: Sleeping          |     7 |     3 ||    10
       Distracted        |     1 |       ||     1
  Eat: Bread ration      |       |     1 ||     1
       Chunk             |       |     1 ||     1
Armor: Leather armour    |    12 |     8 ||    20
Dodge: Dodged            |    39 |    26 ||    65
Block: Buckler           |     7 |     8 ||    15

Table legend:
 A = Spawn XP
 B = Non-spawn XP
 C = Spawn XP percentage of total XP
 D = Spawn monster count
 E = Non-spawn monster count
 F = Spawn count percentage of total count
 G = Total turns spent on level
                    A         B        C        D         E        F      G
               +---------+---------+-------+---------+---------+-------+---------
         Total |       0 |     123 |   0.0 |       0 |      40 |   0.0 |  2162
               +---------+---------+-------+---------+---------+-------+---------
           D:1 |       0 |      27 |   0.0 |       0 |      18 |   0.0 |   319
           D:2 |       0 |      68 |   0.0 |       0 |      14 |   0.0 |   717
           D:3 |       0 |      14 |   0.0 |       0 |       7 |   0.0 |   697
           D:4 |       0 |      14 |   0.0 |       0 |       1 |   0.0 |   429
               +---------+---------+-------+---------+---------+-------+---------
